 Dungeon Crawl Stone Soup version 0.31-a0-705-ga145531891 (webtiles) character file.

Game seed: 5041283664439969734

384 Demosthentine the Ducker (level 6, 0/48 HPs)
             Began as a Demonspawn Gladiator on Sept 10, 2023.
             Slain by a water moccasin (7 damage)
             ... on level 5 of the Dungeon.
             The game lasted 00:05:19 (3440 turns).

Demosthentine the Ducker (Demonspawn Gladiator)     Turns: 3440, Time: 00:05:20

Health: 0/48       AC:  7    Str: 16    XL:     6   Next: 47%
Magic:  6/6        EV: 13    Int: 10    God:
Gold:   249        SH:  0    Dex: 14    Spells: 5/5 levels left

rFire   . . .        a - +1 trident
rCold   . . .        (no shield)
rNeg    . . .        b - +0 leather armour
rPois   +            (helmet restricted)
rElec   .            (no cloak)
rCorr   .            (no gloves)
SInv    .            (no boots)
Will    .....        (no amulet)
Stlth   +            o - +4 ring of protection
HPRegen 0.28/turn    m - ring of poison resistance
MPRegen 0.10/turn

%: no passive effects
@: lethally poisoned (0 -> -2)
A: antennae 1, demonic guardian 1, demonic touch 1
a: no special abilities


You were on level 5 of the Dungeon.
You visited 1 branch of the dungeon, and saw 5 of its levels.

You collected 249 gold pieces.

Inventory:

Hand Weapons
 a - a +1 trident (weapon)
Missiles
 d - 3 throwing nets (quivered)
 e - 4 javelins
Armour
 b - a +0 leather armour (worn)
 p - a +0 buckler
Jewellery
 m - a ring of poison resistance (right hand)
 o - a +4 ring of protection (left hand)
Scrolls
 l - 2 scrolls of enchant weapon
Potions
 c - a potion of haste
 f - a potion of heal wounds {unknown}
 g - 2 potions of brilliance
 h - 3 potions of curing {unknown}
 i - 2 potions of mutation {unknown}
 j - a potion of invisibility
 n - a potion of lignification {unknown}


   Skills:
 + Level 3.8 Fighting
 + Level 4.0 Polearms
 - Level 1.7 Throwing
 + Level 2.7 Armour
 + Level 4.1 Dodging
 + Level 0.2 Shields


You had 5 spell levels left.
You didn't know any spells.
Your spell library contained the following spells:

 Spells                   Type           Power      Damage    Failure   Level
 Freeze                   Ice            0%         1d3       41%         1
 Ensorcelled Hibernation  Hex/Ice        0%         N/A       56%         2
 Hailstorm                Conj/Ice       0%         3d3       80%         3
 Anguish                  Hex/Necr       0%         N/A       99%         4
 Cause Fear               Hex            0%         N/A       99%         4
 Enfeeble                 Hex            0%         N/A       100%        7
 Ozocubu's Refrigeration  Ice            0%         4d7       100%        7


Dungeon Overview and Level Annotations

Branches:
Dungeon (5/15)
 Temple: D:4-7

Altars:
Okawaru
Sif Muna

Shops:
D:4 *


Innate Abilities, Weirdness & Mutations

You have a pair of small antennae on your head.
A weak demonic guardian rushes to your aid.
Your touch may inflict minor irresistible damage on your foes.


Message History

The water moccasin bites you. x2
You are poisoned.
The water moccasin poisons you!
A water moccasin is nearby!
You closely miss the water moccasin.
The water moccasin is severely wounded.
You feel very sick.
The water moccasin bites you but does no damage.
A water moccasin is nearby!
You are too injured to fight recklessly!
You are too injured to fight recklessly!
You are too injured to fight recklessly!
You are too injured to fight recklessly!
You hit the water moccasin. Your touch misses the water moccasin.
The water moccasin is almost dead.
You feel very sick. The water moccasin bites you.
* * * LOW HITPOINT WARNING * * *
The water moccasin bites you but does no damage.
You closely miss the water moccasin.
The water moccasin is severely wounded.
You feel sick.
The water moccasin bites you but does no damage.
You hit the water moccasin.
The water moccasin is almost dead.
You feel sick. The water moccasin barely misses you.
The water moccasin closely misses you.
You hit the water moccasin.
The water moccasin is almost dead.
You feel sick.
The water moccasin completely misses you.
The water moccasin closely misses you.
You closely miss the water moccasin.
The water moccasin is almost dead.
You feel sick.
The water moccasin completely misses you.
You hit the water moccasin.
The water moccasin is almost dead.
You feel sick. The water moccasin bites you!
You die...

### ### ... .....
#... #.#.#.# #....
#.#.#.#
#....##.#.#.#
#......#.#.##
#.....$.....#
#....S@#.#..### #
#.............##.#
#.....##..........
#.....####..#.##..
...........†.......
###########..#.####
#..# # #..# #..#


You could see a water moccasin.

Vanquished Creatures
  A scorpion (D:4)
  2 hounds
  Terence (D:3)
  3 orc wizards
  An iguana (D:4)
  4 adders
  2 gnolls (D:4)
  A dart slug (D:3)
  8 orcs
  3 ball pythons
  2 endoplasms
  4 giant cockroaches
  7 goblins
  9 hobgoblins
  7 jackals (D:1)
  13 kobolds
  3 quokkas
  2 bats
  3 frilled lizards
  4 rats
80 creatures vanquished.

Notes
Turn   | Place    | Note
-------+----------+-------------------------------------------
     0 | D:1      | Demosthentine the Demonspawn Gladiator began the quest for
                  | the Orb.
     0 | D:1      | Reached XP level 1. HP: 16/16 MP: 1/1
   218 | D:1      | Discovered your monstrous ancestry.
   218 | D:1      | Gained mutation: Your touch may inflict minor irresistible
                  | damage on your foes. [demonic ancestry]
   218 | D:1      | Reached XP level 2. HP: 11/22 MP: 2/2
   539 | D:1      | Reached skill level 1 in Armour
   608 | D:1      | Reached XP level 3. HP: 28/28 MP: 3/3
  1672 | D:3      | Got the Monograph on Rime
  1687 | D:3      | Reached XP level 4. HP: 32/34 MP: 4/4
  2012 | D:3      | Noticed Terence
  2020 | D:3      | Killed Terence
  2169 | D:3      | Gained mutation: You have a pair of small antennae on your
                  | head. [demonic ancestry]
  2169 | D:3      | Reached XP level 5. HP: 41/41 MP: 5/5
  2547 | D:4      | Found Byjyh's Overcharged Wands.
  2681 | D:4      | Found an iron altar of Okawaru.
  2878 | D:4      | Found a shimmering blue altar of Sif Muna.
  2938 | D:4      | Gained mutation: A weak demonic guardian rushes to your
                  | aid. [demonic ancestry]
  2938 | D:4      | Reached XP level 6. HP: 40/47 MP: 6/6
  3382 | D:5      | Entered Level 5 of the Dungeon
  3423 | D:5      | Noticed a water moccasin
  3440 | D:5      | Slain by a water moccasin

Illustrated notes

Levels and vault maps discovered:
D:1:      pf_arrival_petrified_forest, layout_loops_ring, serial_bayou_ford_a,
          moated_statue
D:2:      layout_rooms, minmay_vboxes
D:3:      wander_river, layout_loops_ring, dreamdust_wishing_well, uniq_terence
D:4:      layout_basic, okawaru_altar_gauntlet_db,
          nicolae_sif_muna_little_library, chequers_serial_rivers_micro_a,
          hangedman_decor_clover_reticule, nicolae_shop_overcharged_wands
D:5:      layout_basic, trog_butcher_becter

Skill      XL: |  1  2  3  4  5  6 |
---------------+-------------------+-----
Dodging        | 3 4 |  4.1
Armour         | 1 2 |  2.7
Polearms       | 3 4 |  4.0
Fighting       | 3 |  3.8
Throwing       | |  1.7
Shields        | |  0.2

Action                     |  1- 3 |  4- 6 || total
---------------------------+-------+-------++-------
  Melee: Trident           |   112 |   152 ||   264
         Punch             |     2 |     4 ||     6
         Touch             |    12 |    13 ||    25
    Use: Scroll            |     6 |     2 ||     8
   Stab: Sleeping          |     2 |     2 ||     4
 Armour: Leather armour    |    46 |    83 ||   129
  Dodge: Dodged            |    45 |    62 ||   107

Table legend: (Time is in decaauts)
 A = Elapsed time spent in this place.
 B = Non-inter-level travel time spent in this place.
 C = Inter-level travel time spent in this place.
 D = Time resting spent in this place.
 E = Time spent auto-exploring this place.
 F = Levels seen in this place.
 G = Mean time per level.
                   A        B        C        D        E       F      G
               +--------+--------+--------+--------+--------+-----+--------+
         Total |   3514 |   3377 |    137 |    100 |   2701 |   5 |  702.8 |
       Dungeon |   3514 |   3377 |    137 |    100 |   2701 |   5 |  702.8 |
               +--------+--------+--------+--------+--------+-----+--------+

Top non-repeatable levels by time:
     D:4: 1041 daAuts
     D:1: 993 daAuts
     D:3: 959 daAuts
     D:2: 460 daAuts
     D:5: 59 daAuts
